 Dungeon Crawl Stone Soup version 0.26-a0-466-g989023bd0d (webtiles) character file.

Game seed: 17459583771613217270

70 BattleRest the Caller (level 4, -2/24 HPs)
             Began as a Deep Elf Summoner on Aug 10, 2020.
             Succumbed to a kobold's poison
             ... on level 2 of the Dungeon.
             The game lasted 00:12:26 (3554 turns).

BattleRest the Caller (Deep Elf Summoner)           Turns: 3554, Time: 00:12:27

Health: -2/24      AC:  3    Str:  5    XL:     4   Next: 3%
Magic:  6/11       EV: 13    Int: 21    God:
Gold:   147        SH:  0    Dex: 15    Spells: 1/10 levels left

rFire    . . .     SeeInvis .   l - +0 hunting sling
rCold    . . .     Faith    .   (no shield)
rNeg     + . .     Spirit   .   a - +0 robe
rPois    .         Reflect  .   (no helmet)
rElec    .         Harm     .   (no cloak)
rCorr    .                      e - +0 pair of gloves
MR       .....                  (no boots)
Stlth    ++........             (no amulet)
HPRegen  0.08/turn              g - ring of positive energy
MPRegen  0.12/turn              (no ring)

@: lethally poisoned (-2 -> -32)
A: no striking features
a: no special abilities


You were on level 2 of the Dungeon.
You visited 1 branch of the dungeon, and saw 3 of its levels.

You collected 147 gold pieces.

Inventory:

Hand Weapons
 c - a +0 club
 f - a +0 dagger
 l - a +0 hunting sling (weapon)
Missiles
 m - 67 stones (quivered)
Armour
 a - a +0 robe (worn)
 e - a +0 pair of gloves (worn)
 h - a -2 kite shield
Jewellery
 g - a ring of positive energy (left hand)
 r - a cursed ring of teleportation {unknown}
Scrolls
 k - 3 scrolls of identify {unknown}
 n - a scroll of fog {unknown}
 p - a scroll of remove curse
Potions
 b - 2 potions of haste {unknown}
 d - 3 potions of stabbing {unknown}
 i - a potion of brilliance {unknown}
 j - 2 potions of flight {unknown}
 o - a potion of magic {unknown}
 q - a potion of lignification {unknown}


   Skills:
 - Level 0.6 Fighting
 + Level 0.0 Slings
 + Level 3.2 Dodging
 - Level 3.0 Stealth
 + Level 3.9 Spellcasting
 + Level 4.9 Summonings


You had one spell level left.
You knew the following spells:

 Your Spells              Type           Power        Failure   Level
a - Summon Small Mammal   Summ           ####         1%          1
b - Call Imp              Summ           ####....     2%          2
c - Call Canine Familiar  Summ           ####....     4%          3
d - Summon Guardian Gole  Hex/Summ       ##......     13%         3

Your spell library contained the following spells:

 Spells                   Type           Power        Failure   Level
 Summon Ice Beast         Ice/Summ       ##......     41%         4
 Summon Lightning Spire   Summ/Air       ##......     41%         4


Dungeon Overview and Level Annotations

Branches:
Dungeon (3/15)

Altars:
The Shining One


Message History

You are more poisoned.
Your crimson imp blinks!
You feel very sick.
The kobold throws a poisoned dart.
The poisoned dart hits your crimson imp!
Your crimson imp is poisoned.
You feel very sick.
Something hits your crimson imp but does no damage.
* * * LOW HITPOINT WARNING * * *
You feel very sick.
* * * LOW HITPOINT WARNING * * *
You feel sick.
There is a stone staircase leading up here.
You can't go down here!
* * * LOW HITPOINT WARNING * * *
You feel very sick.
Your crimson imp blinks!
Your crimson imp completely misses the kobold.
You climb upwards.
You die...

...##.#.#
#...................##
...##.#.#
#(.##.####.....#######
...##.#.# ##.##.#
#............
...##.#.# #..#.#
#.....#######
#####.#.######.#.#
#.....#
............)....#
#.....#
.[....#.######...#
#############
##...............#
#......
#.####.#######.@#
#...... #.#
#.#######.## #......
#.# #..)5...#.#
#......
##[##########)#.####
#......
#..................#
#......
#..##########......#
#...... #..#.....#
#......# #).....
#..#.###.####......#
#.#####
......##......######
#.#


There were no monsters in sight!

Vanquished Creatures
  An adder (D:2)
  3 bats
  A hobgoblin (D:2)
  A frilled lizard (D:2)
  3 goblins (D:2)
  A kobold (D:3)
  A rat (D:3)
11 creatures vanquished.

Vanquished Creatures (collateral kills)
  A worker ant (D:2)
  An ooze (D:2)
  A worm (D:2)
  A dart slug (D:1)
  3 leopard geckos
  4 giant cockroaches
  4 goblins
  6 hobgoblins
  A quokka (D:2)
  9 bats
  5 frilled lizards (D:1)
  3 kobolds
  5 rats
44 creatures vanquished.

Grand Total: 55 creatures vanquished

Notes
Turn   | Place    | Note
-------+----------+-------------------------------------------
     0 | D:1      | BattleRest the Deep Elf Summoner began the quest for the
                  | Orb.
     0 | D:1      | Reached XP level 1. HP: 10/10 MP: 6/6
   708 | D:1      | Reached XP level 2. HP: 13/15 MP: 2/8
   772 | D:1      | Learned a level 2 spell: Call Imp
  1949 | D:2      | Found a glowing golden altar of the Shining One.
  1976 | D:2      | Reached XP level 3. HP: 19/19 MP: 5/10
  2020 | D:2      | Learned a level 3 spell: Call Canine Familiar
  2024 | D:2      | Learned a level 3 spell: Summon Guardian Golem
  3425 | D:3      | Reached XP level 4. HP: 24/24 MP: 11/11
  3553 | D:3      | HP: 1/24 [poisoned by a kobold]
  3554 | D:2      | Succumbed to a kobold's poison

Illustrated notes

Levels and vault maps discovered:
D:1:      ncdulo_watergridlock, layout_rooms, chequers_serial_rivers_marsh
D:2:      layout_basic, nicolae_overflow_hidden_temple
D:3:      layout_loops_ring, okawaru_gym_becter

Skill      XL: |  1  2 |
---------------+-------+-----
Stealth        | 3 |  3.0
Dodging        | 3 |  3.2
Fighting       | |  0.6
Spellcasting   | |  3.9
Summonings     | |  4.9

Action                   |  1- 3 |  4- 6 || total
-------------------------+-------+-------++-------
Melee: Unarmed           |    10 |       ||    10
       Club              |    11 |       ||    11
       Dagger            |    11 |       ||    11
 Fire: Hunting sling     |    11 |    12 ||    23
 Cast: Summon Small Mamm |    47 |       ||    47
       Call Imp          |    42 |     3 ||    45
       Call Canine Famil |     2 |       ||     2
  Use: Scroll            |     2 |       ||     2
 Stab: Sleeping          |     7 |       ||     7
Armor: Robe              |    13 |     1 ||    14
Dodge: Dodged            |    58 |     2 ||    60

Table legend: (Time is in decaauts)
 A = Elapsed time spent in this place.
 B = Non-inter-level travel time spent in this place.
 C = Inter-level travel time spent in this place.
 D = Time resting spent in this place.
 E = Time spent auto-exploring this place.
 F = Levels seen in this place.
 G = Mean time per level.
                   A        B        C        D        E       F      G
               +--------+--------+--------+--------+--------+-----+--------+
         Total |   3563 |   3520 |     43 |   1795 |    909 |   3 | 1187.7 |
       Dungeon |   3563 |   3520 |     43 |   1795 |    909 |   3 | 1187.7 |
               +--------+--------+--------+--------+--------+-----+--------+

Top non-repeatable levels by time:
     D:2: 1755 daAuts
     D:1: 1675 daAuts
     D:3: 132 daAuts
